 Dungeon Crawl Stone Soup version 0.22-a0-803-gd6d8abe (webtiles) character file.

184 Amnesiac the Magician (level 5, -1/35 HPs)
             Began as a Mummy Earth Elementalist on July 22, 2018.
             Slain by Menkaure (14 damage)
             ... on level 4 of the Dungeon.
             The game lasted 00:01:23 (534 turns).

Amnesiac the Magician (Mummy Earth Elementalist)     Turns: 534, Time: 00:01:24

Health: -1/35      AC:  7    Str: 11    XL:     5   Next: 36%
Magic:  3/11       EV: 12    Int: 15    God:
Gold:   36         SH:  0    Dex: 13    Spells: 2/12 levels left

rFire    x . .     SeeInvis .   a - +0 dagger
rCold    + . .     Gourm    .   (no shield)
rNeg     + + +     Faith    .   c - +0 robe
rPois    ∞         Spirit   .   (no helmet)
rElec    .         Reflect  .   (no cloak)
rCorr    .         Harm     .   (no gloves)
MR       .....                  (no boots)
Stlth    ++........             (no amulet)
HPRegen  0.11/turn              e - +5 ring of protection
MPRegen  0.12/turn              (no ring)

@: no status effects
A: no food or potions, fire vulnerability, cold resistance 1, negative energy
resistance 3, torment resistance, unbreathing
a: no special abilities


You were on level 4 of the Dungeon.
You were not hungry.

You visited 1 branch of the dungeon, and saw 5 of its levels.

You collected 36 gold pieces.

Inventory:

Hand Weapons
 a - a +0 dagger (weapon)
Armour
 c - a +0 robe (worn)
Jewellery
 e - a +5 ring of protection (left hand)
Wands
 d - a wand of digging (15)
Scrolls
 f - a scroll of random uselessness {!r, unknown}
 g - a scroll of identify {!r, unknown}
 h - a scroll of blinking {!r, unknown}


   Skills:
 - Level 1.5 Dodging
 - Level 1.5 Stealth
 + Level 4.4 Spellcasting
 - Level 0.7 Transmutations
 * Level 4.4 Earth Magic


You had 2 spell levels left.
You knew the following spells:

 Your Spells              Type           Power        Failure   Level  Hunger
a - Sandblast             Erth           ###...       2%          1    N/A
b - Passwall              Tmut/Erth      ##......     9%          2    N/A
c - Stone Arrow           Conj/Erth      #.....       22%         3    N/A
e - Petrify               Tmut/Erth      ##......     52%         4    N/A

Your spell library contained the following spells:

 Spells                   Type           Power        Failure   Level  Hunger
 Lee's Rapid Deconstruct  Erth           ###.......   61%         5    N/A

Dungeon Overview and Level Annotations

Branches:
Dungeon (5/15)
 Temple: D:4-7

Altars:

Annotations:
D:4 Menkaure


Innate Abilities, Weirdness & Mutations

You do not eat or drink.
Your flesh is vulnerable to fire.
You are immune to poison.
Your flesh is cold resistant. (rC+)
You are immune to negative energy. (rN+++)
You are immune to unholy pain and torment.
You can survive without breathing.


Message History

Found a stone staircase leading down.
You now have 36 gold pieces (gained 11).
You open the door.
An ogre comes into view. It is wielding a giant club.
Found a scroll labeled UNKELI DIFAOSM.
There is an open door here.
An ogre is nearby!
Menkaure, Prince of Dust comes into view.
Menkaure shouts!
The ogre shouts!
Casting: Sandblast (safe; 3% risk of failure)
Confirm with . or Enter, or press ? or * to list all spells.
Aiming: Sandblast (safe; 3% risk of failure)
Press: ? - help, Shift-Dir - straight line, f - ogre
Aim: an ogre, wielding a giant club The blast of sand hits the ogre.
The ogre is moderately wounded.
b - 3 stones Menkaure gestures wildly while chanting.
Menkaure seems to speed up.
Casting: Sandblast (safe; 3% risk of failure)
Confirm with . or Enter, or press ? or * to list all spells.
Aiming: Sandblast (safe; 3% risk of failure)
Press: ? - help, Shift-Dir - straight line, f/p - ogre
Aim: an ogre, wielding a giant club (moderately wounded)
The blast of sand hits the ogre.
The ogre is moderately wounded.
b - 2 stones
There is an open door here.
Casting: Sandblast (safe; 3% risk of failure)
Confirm with . or Enter, or press ? or * to list all spells.
Aiming: Sandblast (safe; 3% risk of failure)
Press: ? - help, Shift-Dir - straight line, f/p - ogre
Aim: an ogre, wielding a giant club (moderately wounded)
The blast of sand hits the ogre.
The ogre is heavily wounded.
b - a stone The ogre hits you with a giant club!!
Ouch! That really hurt!
* * * LOW HITPOINT WARNING * * *
Casting: Sandblast (safe; 3% risk of failure)
Confirm with . or Enter, or press ? or * to list all spells.
Aiming: Sandblast (safe; 3% risk of failure)
Press: ? - help, Shift-Dir - straight line, f/p - ogre
Aim: an ogre, wielding a giant club (heavily wounded)
The blast of sand hits the ogre.
The ogre is almost dead.
You now have no stones remaining.
Unknown command.
Casting: Sandblast (safe; 3% risk of failure)
Confirm with . or Enter, or press ? or * to list all spells.
Aiming: Stone Arrow (safe; 24% risk of failure)
Press: ? - help, Shift-Dir - straight line, f/p - ogre
Aim: an ogre, wielding a giant club (almost dead)
The stone arrow hits the ogre.
You kill the ogre!
Your Spellcasting skill increases to level 4!
Your Earth Magic skill increases to level 4!
You have reached level 5!
You feel agile.
Evoke which item? (* to show all) (? for menu, Esc to quit)
Okay, then.
There is a stone staircase leading down here.
Menkaure hits you!
You die...

#+###
######...#######.#..
#..........)........
#......>...#......?.
#.....@M...#........
#..........#........
#..........#........
###.####..###########
######..###.###...##
............#......#
............'......#
#.####.###..###...###
# #. ##..###...##.


You could see Menkaure.

Vanquished Creatures
  An ogre (D:4)
  A hound (D:4)
  A worker ant (D:4)
  3 adders
  An orc (D:4)
  A goblin (D:1)
  A hobgoblin (D:1)
  2 quokkas (D:3)
  5 bats
  A rat (D:3)
17 creatures vanquished.

Notes
Turn   | Place    | Note
-------+----------+-------------------------------------------
     0 | D:1      | Amnesiac the Mummy Earth Elementalist began the quest for the Orb.
     0 | D:1      | Reached XP level 1. HP: 13/13 MP: 4/4
    81 | D:2      | Reached XP level 2. HP: 19/19 MP: 2/5
   106 | D:2      | Learned a level 2 spell: Passwall
   225 | D:3      | Reached XP level 3. HP: 23/24 MP: 5/7
   273 | D:3      | Learned a level 3 spell: Stone Arrow
   344 | D:4      | Reached XP level 4. HP: 29/30 MP: 2/9
   350 | D:4      | Learned a level 4 spell: Petrify
   456 | D:5      | Entered Level 5 of the Dungeon
   522 | D:4      | Noticed an ogre
   523 | D:4      | Noticed Menkaure
   530 | D:4      | Killed an ogre
   530 | D:4      | Reached XP level 5. HP: 12/35 MP: 2/11
   534 | D:4      | Slain by Menkaure

Vault maps used:
D:1:      minmay_arrival_four_loops, st_stairs_6, minmay_fountain_box
D:2:      gammafunk_temple_overflow_elements, first_ration, minmay_pentomino_s4
D:3:      goddamned_bats
D:4:      serial_shops, nicolae_shop_stone, uniq_menkaure
D:5:      lemuel_doored_altar, st_stairs_1, minmay_parallelograms, uniq_duvessa

Skill      XL: |  1  2  3  4 |
---------------+-------------+-----
Spellcasting   | 3 4 |  4.4
Earth Magic    | 3 4 |  4.4
Dodging        | |  1.5
Stealth        | |  1.5
Transmutations | |  0.7

Action                   |  1- 3 |  4- 6 || total
-------------------------+-------+-------++-------
Melee: Dagger            |    21 |     8 ||    29
 Cast: Sandblast         |    21 |     9 ||    30
       Stone Arrow       |       |     1 ||     1
 Stab: Sleeping          |     1 |       ||     1
Armor: Robe              |    15 |     5 ||    20
Dodge: Dodged            |    33 |     2 ||    35

Table legend:
 A = Spawn XP
 B = Non-spawn XP
 C = Spawn XP percentage of total XP
 D = Spawn monster count
 E = Non-spawn monster count
 F = Spawn count percentage of total count
 G = Total turns spent on level
                    A         B        C        D         E        F      G
               +---------+---------+-------+---------+---------+-------+---------
         Total |       0 |     264 |   0.0 |       0 |      17 |   0.0 |   534
               +---------+---------+-------+---------+---------+-------+---------
           D:1 |       0 |       5 |   0.0 |       0 |       3 |   0.0 |    78
           D:2 |       0 |      13 |   0.0 |       0 |       1 |   0.0 |    42
           D:3 |       0 |      33 |   0.0 |       0 |       8 |   0.0 |   166
           D:4 |       0 |     213 |   0.0 |       0 |       5 |   0.0 |   240
               +---------+---------+-------+---------+---------+-------+---------
